 Dungeon Crawl Stone Soup version 0.31-a0-5-g84e6b3452c (webtiles) character file.

Game seed: 10198228933362086770

29098 Essalna the Arsonist (level 13, -12/84 HPs)
             Began as a Tengu Fire Elementalist on May 5, 2023.
             Was a High Priest of Vehumet.
             Mangled by Rupert
             ... wielding a +4 battleaxe of flaming
              (28 damage)
             ... on level 3 of the Lair of Beasts.
             The game lasted 00:36:33 (16332 turns).

Essalna the Arsonist (Tengu Fire Elementalist)     Turns: 16332, Time: 00:36:34

Health: -12/84     AC: 10    Str:  9    XL:     13   Next: 43%
Magic:  8/21       EV: 21    Int: 21    God:    Vehumet [*****.]
Gold:   930        SH:  0    Dex: 18    Spells: 10/22 levels left

rFire   + . .        t - +9 long sword "Hixa" {heavy, +Blink Dex+4}
rCold   . . .        (no shield)
rNeg    . . .        E - +0 steam dragon scales
rPois   .            c - +2 hat {Will+}
rElec   .            H - +0 cloak
rCorr   .            (no gloves)
SInv    .            (boots unavailable)
Will    +....        L - amulet of magic regeneration
Stlth   +++++        k - +5 ring of evasion
HPRegen 0.34/turn    q - ring of protection from fire
MPRegen 0.57/turn

%: no passive effects
@: about to teleport, flying quickly and evasively, quick
A: beak, talons 3, nimble flight
a: Renounce Religion, Evoke Blink


You were on level 3 of the Lair of Beasts.
You worshipped Vehumet.
Vehumet was extremely pleased with you.
You visited 4 branches of the dungeon, and saw 15 of its levels.

You collected 930 gold pieces.

Inventory:

Hand Weapons
 l - a +3 spear of venom
 t - the +9 long sword "Hixa" (weapon) {heavy, +Blink Dex+4}
   (You took it off a hobgoblin on level 3 of the Dungeon)

   Dex:       It affects your dexterity (+4).
   +Blink:    It lets you blink.
Missiles
 u - 6 throwing nets
Armour
 a - a +0 robe
 c - a +2 hat of willpower (worn)
 E - +0 steam dragon scales (worn)
 H - a +0 cloak (worn)
 I - +0 acid dragon scales
Jewellery
 b - a +6 ring of strength
 k - a +5 ring of evasion (left hand)
 q - a ring of protection from fire (right hand)
 A - a ring of willpower
 B - a ring of wizardry
 L - an amulet of magic regeneration (around neck)
Wands
 f - a wand of paralysis (3)
 m - a wand of flame (26)
 C - a wand of polymorph (12)
 J - a wand of mindburst (4)
 N - a wand of roots (6)
Scrolls
 i - a scroll of enchant weapon
 j - a scroll of amnesia
 n - 3 scrolls of magic mapping {unknown}
 p - 2 scrolls of immolation
 v - 2 scrolls of fear {unknown}
 w - 3 scrolls of blinking {unknown}
 y - 2 scrolls of fog {unknown}
 D - 8 scrolls of identify
 M - a scroll of poison {unknown}
Potions
 e - 3 potions of curing
 g - 2 potions of might {unknown}
 o - 4 potions of brilliance
 r - 4 potions of attraction
 s - a potion of haste {unknown}
 x - 5 potions of flight {unknown}
 z - a potion of mutation {unknown}
 F - a potion of invisibility {unknown}
 G - 2 potions of lignification {unknown}
 K - 2 potions of degeneration {unknown}


   Skills:
 + Level 11.1 Fighting
 - Level 10.0 Armour
 + Level 3.0 Dodging
 - Level 10.0 Stealth
 - Level 5.0 Spellcasting
 - Level 11.0 Conjurations
 + Level 12.5 Fire Magic
 - Level 3.0 Evocations


You had 10 spell levels left.
You knew the following spells:

 Your Spells              Type           Power      Damage    Failure   Level
a - Foxfire               Conj/Fire      100%       2x1d9     1%          1
b - Scorch                Fire           100%       2d9       1%          2
c - Flame Wave            Conj/Fire      53%        2d13      1%          4
d - Fireball              Conj/Fire      26%        3d12      1%          5

Your spell library contained the following spells:

 Spells                   Type           Power      Damage    Failure   Level
 Airstrike                Air            2%         2d(1-17)  26%         4
 Magic Dart               Conj           100%       1d8       1%          1
 Hailstorm                Conj/Ice       28%        3d8       1%          3
 Inner Flame              Hex/Fire       31%        N/A       1%          3
 Stone Arrow              Conj/Erth      56%        3d10      1%          3
 Volatile Blastmotes      Fire/Tloc      62%        2d15      1%          3
 Mephitic Cloud           Conj/Pois/Air  20%        N/A       2%          3
 Freeze                   Ice            20%        1d4       3%          1
 Starburst                Conj/Fire      26%        6d8       3%          6
 Poisonous Vapours        Pois/Air       10%        N/A       4%          2
 Frozen Ramparts          Ice            10%        1d2       9%          3
 Slow                     Hex            20%        N/A       11%         1
 Call Imp                 Summ           10%        N/A       16%         2
 Freezing Cloud           Conj/Ice/Air   10%        6-21      17%         5
 Olgreb's Toxic Radiance  Pois           5%         N/A       26%         4
 Plasma Beam              Fire/Air       15%        2x1d29    30%         6
 Confusing Touch          Hex            5%         N/A       32%         3
 Vampiric Draining        Necr           5%         2d6       32%         3
 Ignition                 Fire           27%        3d9       67%         8
 Anguish                  Hex/Necr       2%         N/A       71%         4
 Animate Armour           Summ/Erth      10%        N/A       71%         4
 Passage of Golubria      Tloc           5%         N/A       71%         4
 Petrify                  Tmut/Erth      5%         N/A       71%         4
 Metabolic Englaciation   Hex/Ice        2%         N/A       96%         5
 Silence                  Hex/Air        2%         N/A       96%         5
 Statue Form              Tmut/Erth      3%         N/A       100%        6
 Enfeeble                 Hex            2%         N/A       100%        7
 Discord                  Hex            2%         N/A       100%        8
 Lehudib's Crystal Spear  Conj/Erth      14%        10d5      100%        8


Dungeon Overview and Level Annotations

Branches:
Dungeon (10/15)            Temple (1/1) D:4            Lair (3/5) D:10
  Swamp (0/4) Lair:3          Orc (1/2) D:9
  Snake: Lair:2-3    Spider: Lair:2-3

Altars:
Ashenzari
Cheibriados
Dithmenos
Fedhas
Kikubaaqudgha
Makhleb
Nemelex Xobeh
Okawaru
Ru
Trog
Uskayaw
Vehumet
Wu Jian
Yredelemnul
Zin
The Shining One

Shops:
D:7 [   D:9 :   D:10 *

Annotations:
Lair:1 2 transporters
Lair:3 Rupert


Innate Abilities, Weirdness & Mutations

You have a beak for a mouth.
You have claws for feet.
Your magical nature lets you fly swiftly and evasively.


Message History

The basilisk hisses angrily.
Rupert is engulfed in a cloud of scalding steam.
You don't have enough magic to cast this spell.
Casting: Fireball (dangerous; 1% risk of failure)
Confirm with . or Enter, or press ? or * to list all spells.
You conjure some foxfire!
Rupert is engulfed in a cloud of scalding steam.
Your foxfire dissipates!
The foxfire hits the basilisk.
The basilisk is lightly wounded.
You slice the basilisk!!
The basilisk is severely wounded.
Rupert is engulfed in a cloud of scalding steam.
The basilisk bites you. The basilisk gazes at you.
You resist with almost no effort.
You closely miss the basilisk.
You claw the basilisk, but do no damage.
The basilisk is severely wounded.
The basilisk gazes at you. You resist with almost no effort.
Rupert says, "My Mum always said: 'Kill them all.'" Rupert roars madly and goes into a rage!
Rupert goes berserk!
The basilisk gazes at you. You resist with almost no effort.
You slice the basilisk!!
You kill the basilisk!
Vehumet accepts your kill.
You feel your power returning.
Rupert hits you with a +4 battleaxe of flaming!
Rupert burns you.
Rupert hits you with a +4 battleaxe of flaming!!!
* * * LOW HITPOINT WARNING * * *
Rupert burns you!
* * * LOW HITPOINT WARNING * * *
As you read the scroll of teleportation, it crumbles to dust.
You feel strangely unstable.
Rupert hits you with a +4 battleaxe of flaming!!
You die...

~§.§.~. ..............
..~†.§~ ~.♣..............
..~.~.~ ................
....†~~ ...#.#..........
♣~~~... P.####.........
♣...... #.# #.#.....P..
.......####.####.....###.
#@.#...#.##....'...
##@......#.....P#..
####.####.....##.. #.P#
##....#### ###.###
#....#P##
.#.#...#.###.<......
.....................
.....................
..............(......
.........>...........


You could see Rupert (berserk).

Vanquished Creatures
  2 hydras (Lair:3)
  Harold (Lair:2)
  2 two-headed ogres
  10 death yaks
  An orc high priest (Orc:1)
  Joseph (D:10)
  A black mamba (Lair:2)
  4 elephants (Lair:2)
  5 cane toads
  Maggie (D:7)
  Psyche (D:10)
  5 komodo dragons
  2 hornets (D:7)
  A polar bear (Lair:3)
  8 blink frogs
  3 wyverns
  A wraith (D:10)
  Eustachio (D:6)
  2 basilisks
  23 yaks
  A steam dragon (D:7)
  3 wargs
  2 acid dragons (D:9)
  9 water moccasins
  2 ice beasts (D:7)
  4 orc warriors
  A sky beast (D:8)
  5 black bears
  6 wolves (Lair:1)
  An ogre (D:6)
  A centaur (D:9)
  2 phantoms (D:5)
  5 kobold brigands
  12 bullfrogs
  4 scorpions
  4 wights (D:7)
  2 electric eels (Lair:3)
  2 howler monkeys
  2 vampire bats (D:5)
  4 hounds
  11 orc priests
  3 jellies
  2 gnoll boudas
  5 iguanas
  A sleepcap (D:6)
  17 orc wizards
  11 adders
  13 gnolls
  2 shadow imps
  An ufetubus (D:5)
  A worm (D:4)
  3 dart slugs
  31 orcs
  4 bat skeletons (D:5)
  2 bat zombies (D:5)
  8 endoplasms
  3 giant cockroaches
  6 goblins
  6 hobgoblins
  10 jackals
  A quokka (D:5)
  3 ball pythons
  2 bats
  2 frilled lizards
  36 kobolds
  3 rats
334 creatures vanquished.

Vanquished Creatures (collateral kills)
  Gastronok (D:8)
  Maurice (D:8)
  A foxfire (Lair:3)
3 creatures vanquished.

Vanquished Creatures (others)
  1011 foxfires
  15 fungi
  21 plants
1047 creatures vanquished.

Grand Total: 1384 creatures vanquished

Notes
Turn   | Place    | Note
-------+----------+-------------------------------------------
     0 | D:1      | Essalna the Tengu Fire Elementalist began the quest for the
                  | Orb.
     0 | D:1      | Reached XP level 1. HP: 10/10 MP: 4/4
   105 | D:1      | Reached XP level 2. HP: 12/16 MP: 1/6
   356 | D:1      | Reached skill level 1 in Fighting
   796 | D:1      | Reached XP level 3. HP: 20/20 MP: 5/7
   858 | D:1      | Learned a level 2 spell: Scorch
  1256 | D:2      | Found a faded altar of an unknown god.
  1310 | D:2      | Reached skill level 4 in Fire Magic
  1553 | D:2      | Reached XP level 4. HP: 26/26 MP: 4/8
  2378 | D:3      | Identified the +9 long sword "Hixa" {heavy, +Blink Dex+4}
  2710 | D:3      | You fall into a shaft and drop 2 floors!
  2710 | D:5      | Entered Level 5 of the Dungeon
  2716 | D:5      | Noticed a black bear
  2731 | D:5      | Reached skill level 1 in Evocations
  2731 | D:5      | Gained mutation: Your magical nature lets you fly swiftly
                  | and evasively. [Tengu growth]
  2731 | D:5      | Reached XP level 5. HP: 21/31 MP: 2/9
  2826 | D:5      | Reached XP level 6. HP: 36/36 MP: 10/10
  3042 | D:5      | Reached skill level 5 in Fire Magic
  3168 | D:5      | Reached XP level 7. HP: 41/41 MP: 3/11
  3238 | D:4      | Found a staircase to the Ecumenical Temple.
  3271 | Temple   | Entered the Ecumenical Temple
  3293 | Temple   | Became a worshipper of Vehumet
  3355 | D:4      | Reached skill level 5 in Conjurations
  4258 | D:4      | Reached * piety under Vehumet
  4258 | D:4      | Offered knowledge of Shock by Vehumet.
  5396 | D:5      | Reached XP level 8. HP: 48/48 MP: 7/12
  5451 | D:5      | Reached skill level 6 in Fire Magic
  5648 | D:5      | Found an ancient bone altar of Kikubaaqudgha.
  6076 | D:5      | Offered knowledge of Momentum Strike by Vehumet.
  6549 | D:6      | Reached skill level 5 in Fighting
  6624 | D:6      | Reached ** piety under Vehumet
  6772 | D:6      | Noticed Eustachio
  6788 | D:6      | Killed Eustachio
  6789 | D:6      | Reached skill level 7 in Fire Magic
  6789 | D:6      | Reached XP level 9. HP: 32/54 MP: 5/16
  7265 | D:6      | Learned a level 4 spell: Flame Wave
  7271 | D:6      | Learned a level 5 spell: Fireball
  7875 | D:7      | Identified a scroll of acquirement
  7875 | D:7      | Acquired a +0 hat of willpower
  8124 | D:7      | Found a bloodstained altar of Trog.
  8191 | D:7      | Noticed a hornet
  8199 | D:7      | Killed a hornet
  8562 | D:7      | Reached skill level 1 in Armour
  8567 | D:7      | Reached skill level 5 in Spellcasting
  8568 | D:7      | Offered knowledge of Ignite Poison by Vehumet.
  8664 | D:7      | Reached skill level 8 in Fire Magic
  9060 | D:7      | Noticed a hornet
  9064 | D:7      | Killed a hornet
  9065 | D:7      | Reached XP level 10. HP: 61/61 MP: 9/18
  9141 | D:7      | Found a glowing golden altar of the Shining One.
  9169 | D:7      | Noticed Maggie
  9176 | D:7      | Killed Maggie
  9539 | D:7      | Found Piers Shonks's Dragon-Slaying Spoils.
  9759 | D:8      | Noticed Maurice
  9769 | D:8      | Reached *** piety under Vehumet
  9769 | D:8      | Killed Maurice
 10076 | D:8      | Found a glowing silver altar of Zin.
 10163 | D:8      | Noticed Gastronok
 10663 | D:8      | Killed Gastronok
 10664 | D:8      | Reached skill level 5 in Stealth
 10664 | D:8      | Reached skill level 10 in Conjurations
 10664 | D:8      | Reached skill level 9 in Fire Magic
 10926 | D:9      | Noticed a two-headed ogre
 10936 | D:9      | Killed a two-headed ogre
 10937 | D:9      | Reached XP level 11. HP: 68/68 MP: 4/19
 11039 | D:9      | Found a staircase to the Orcish Mines.
 11041 | D:9      | Found Ycwoxkac's Armour Shoppe.
 11156 | D:9      | Reached skill level 5 in Armour
 11252 | D:9      | Found a burning altar of Makhleb.
 11310 | D:9      | Found Voz Qith's Book Boutique.
 11372 | D:9      | HP: 3/68 [poisoned by a kobold brigand (curare-tipped
                  | dart)]
 11594 | D:9      | Found a basalt altar of Yredelemnul.
 11717 | D:9      | Offered knowledge of Dazzling Flash by Vehumet.
 11968 | D:9      | Noticed a balrug
 12186 | Orc:1    | Entered Level 1 of the Orcish Mines
 12186 | Orc:1    | Noticed an orc knight
 12186 | Orc:1    | Noticed an orc knight
 12190 | Orc:1    | Noticed an orc high priest
 12190 | Orc:1    | Noticed an orc knight
 12192 | Orc:1    | Noticed an orc high priest
 12195 | Orc:1    | Noticed an orc knight
 12195 | Orc:1    | Noticed an orc knight
 12197 | Orc:1    | Noticed a soul eater
 12198 | Orc:1    | Noticed a sixfirhy
 12198 | Orc:1    | Noticed an orc knight
 12199 | Orc:1    | Killed an orc high priest
 12199 | Orc:1    | Noticed a two-headed ogre
 12298 | D:10     | Entered Level 10 of the Dungeon
 12300 | D:10     | Reached **** piety under Vehumet
 12301 | D:10     | Noticed Joseph
 12307 | D:10     | Noticed a death yak
 12312 | D:10     | Noticed a death yak
 12318 | D:9      | Killed a death yak
 12472 | D:10     | Noticed a two-headed ogre
 12476 | D:10     | Offered knowledge of Lee's Rapid Deconstruction by Vehumet.
 12635 | D:10     | Reached skill level 10 in Fire Magic
 12640 | D:10     | Killed a two-headed ogre
 12771 | D:10     | Found a shadowy altar of Dithmenos.
 12848 | D:10     | Noticed an angel
 12852 | D:10     | Found Totzario's Hallowed Reliquary.
 13028 | D:10     | Identified the +8 flail "Qubaterr" {speed, rC- rN+++ Int-5
                  | Dex+8}
 13051 | D:10     | Found a staircase to the Lair.
 13051 | D:10     | Noticed a death yak
 13051 | D:10     | Noticed Psyche
 13145 | D:10     | Killed Psyche
 13163 | D:9      | Killed a death yak
 13398 | D:10     | Killed a death yak
 13580 | D:10     | Killed Joseph
 13807 | Lair:1   | Entered Level 1 of the Lair of Beasts
 13829 | Lair:1   | Reached XP level 12. HP: 55/76 MP: 13/20
 13966 | Lair:1   | Noticed a death yak
 13966 | Lair:1   | Noticed a death yak
 13979 | Lair:1   | Noticed a death yak
 13980 | Lair:1   | Noticed a death yak
 13982 | Lair:1   | Noticed a death yak
 13986 | Lair:1   | Killed a death yak
 14078 | Lair:1   | Reached skill level 11 in Fire Magic
 14215 | Lair:1   | Found a transporter.
 14218 | Lair:1   | Noticed a death yak
 14221 | Lair:1   | Noticed a death yak
 14223 | Lair:1   | Noticed a death yak
 14256 | Lair:1   | Killed a death yak
 14263 | Lair:1   | Killed a death yak
 14273 | Lair:1   | Killed a death yak
 14278 | Lair:1   | Found a transporter.
 14797 | Lair:2   | Reached skill level 10 in Fighting
 14815 | Lair:2   | Reached ***** piety under Vehumet
 14997 | Lair:2   | Noticed Harold
 14999 | Lair:2   | Killed a death yak
 14999 | Lair:2   | Offered knowledge of Airstrike by Vehumet.
 15004 | Lair:2   | Killed Harold
 15011 | Lair:2   | Reached XP level 13. HP: 59/83 MP: 12/21
 15013 | Lair:2   | Reached skill level 12 in Fire Magic
 15836 | Lair:3   | Reached skill level 10 in Stealth
 15861 | Lair:3   | Found a staircase to the Swamp.
 15958 | Lair:3   | HP: 2/84 [death yak[a torpor snail] (3)]
 16311 | Lair:3   | Reached skill level 10 in Armour
 16321 | Lair:3   | Noticed Rupert
 16332 | Lair:3   | Mangled by Rupert

Illustrated notes

Levels and vault maps discovered:
D:1:      minmay_arrival_stone_box, layout_rooms
D:2:      layout_basic, shapermc_ecumenical_altar_venn
D:3:      layout_loops_corners
D:4:      layout_loops_cross, minmay_temple_entry_purple_smoke,
          kennysheep_generic_room_15
D:5:      layout_basic, kennysheep_vampire_church, grunt_ministairs_10
D:6:      layout_gridville, uniq_eustachio
D:7:      layout_loops_corners, mainiacjoe_overflow_surrounded_room,
          mainiacjoe_overflow_chevrons, mrwooster_statue_mirror,
          roderic_serpentine_path, nicolae_shop_dragon_depot, uniq_maggie
D:8:      layout_gridville, zin_scriptorium, uniq_gastronok, uniq_maurice
D:9:      layout_irregular_city, mainiacjoe_overflow_brackets,
          makhleb_altar_promises_db, orc_david_3, serial_shops,
          nicolae_shop_temple_entry_statues_fountains
D:10:     layout_basic, mainiacjoe_overflow_tiny_flanked, dpeg_lair_monsters,
          nicolae_good_shop, uniq_joseph, uniq_psyche
Temple:   hellmonk_temple_of_storms
Lair:1:   gammafunk_worm_tunnel, layout_chaotic_city, basic_altar,
          gammafunk_ghost_necromancy
Lair:2:   layout_misc_corridors, grunt_megastairs_4, serial_bayou_shore_a,
          uniq_harold
Lair:3:   layout_regular_city, minmay_swamp_entry_reptiles,
          nicolae_snake_entry_squirm, nicolae_quartered_pool_little,
          beast_lair_carwin_9, uniq_rupert
Orc:1:    layout_diamond_mine, serial_shops, nicolae_shop_hallway_plus,
          guppyfry_orc_lava_fort

Skill      XL: |  1  2  3  4  5  6  7  8  9 10 11 12 13 |
---------------+----------------------------------------+-----
Conjurations   | 2 3 4 5 7 9 10 11 | 11.0
Fighting       | 1 2 3 4 5 6 7 9 10 11 | 11.1
Fire Magic     | 4 5 7 8 9 10 11 12 | 12.5
Evocations     | 1 2 3 |  3.0
Spellcasting   | 4 5 |  5.0
Armour         | 2 4 7 9 10 | 10.0
Stealth        | 3 5 7 9 10 | 10.0
Dodging        | 3 |  3.0

Action                     |  1- 3 |  4- 6 |  7- 9 | 10-12 | 13-15 || total
---------------------------+-------+-------+-------+-------+-------++-------
  Melee: Unarmed           |    14 |       |       |       |       ||    14
         Kick              |     6 |     7 |    11 |    10 |     3 ||    37
         Peck              |     3 |     4 |     7 |     7 |     2 ||    23
         Spear             |     2 |     1 |       |       |       ||     3
         Long sword        |       |    32 |    61 |    37 |    13 ||   143
         Punch             |       |       |     1 |       |     1 ||     2
   Cast: Foxfire           |    76 |    58 |   285 |   178 |    10 ||   607
         Scorch            |       |       |    21 |    87 |    32 ||   140
         Flame Wave        |       |       |     2 |    37 |     3 ||    42
         Fireball          |       |       |       |     6 |    25 ||    31
Ability: Evoke Blink       |       |       |     1 |       |       ||     1
    Use: Scroll            |       |     3 |     2 |    15 |     1 ||    21
         Potion            |       |       |     1 |     4 |     1 ||     6
   Stab: Sleeping          |       |     2 |     1 |       |       ||     3
 Armour: Robe              |     5 |     3 |    15 |       |       ||    23
         Steam dragon scal |       |       |     1 |    32 |     2 ||    35
  Dodge: Dodged            |    20 |    67 |   153 |   166 |    27 ||   433

Table legend: (Time is in decaauts)
 A = Elapsed time spent in this place.
 B = Non-inter-level travel time spent in this place.
 C = Inter-level travel time spent in this place.
 D = Time resting spent in this place.
 E = Time spent auto-exploring this place.
 F = Levels seen in this place.
 G = Mean time per level.
                   A        B        C        D        E       F      G
               +--------+--------+--------+--------+--------+-----+--------+
         Total |  15864 |  15299 |    565 |    311 |  12627 |  15 | 1057.6 |
       Dungeon |  13378 |  12861 |    517 |    311 |  10757 |  10 | 1337.8 |
        Temple |     28 |     21 |      7 |      0 |      7 |   1 |   28.0 |
          Lair |   2442 |   2402 |     40 |      0 |   1863 |   3 |  814.0 |
  Orcish Mines |     14 |     14 |      0 |      0 |      0 |   1 |   14.0 |
               +--------+--------+--------+--------+--------+-----+--------+

Top non-repeatable levels by time:
     D:5: 1952 daAuts
     D:9: 1707 daAuts
     D:7: 1683 daAuts
     D:6: 1405 daAuts
     D:2: 1253 daAuts
     D:8: 1228 daAuts
    D:10: 1070 daAuts
     D:3: 1038 daAuts
     D:1: 1020 daAuts
     D:4: 1018 daAuts
  Lair:1: 923 daAuts
  Lair:3: 773 daAuts
  Lair:2: 745 daAuts
  Temple: 28 daAuts
   Orc:1: 14 daAuts
